 Dungeon Crawl Stone Soup version 0.20-a0-1009-gc986637 (webtiles) character file.

802 JeffiDaFish the Shield-Bearer (level 7, -7/43 HPs)
             Began as a Gargoyle Fighter on Apr 14, 2017.
             Was an Initiate of Okawaru.
             Mangled by a troll (12 damage)
             ... on level 5 of the Dungeon.
             The game lasted 00:10:35 (3976 turns).

JeffiDaFish the Shield-Bearer (Gargoyle Fighter)    Turns: 3976, Time: 00:10:36

Health: -7/43      AC: 16    Str: 24    XL:     7   Next: 91%
Magic:  7/7        EV:  5    Int:  6    God:    Okawaru [......]
Gold:   156        SH: 17    Dex: 13    Spells: 6/6 levels left

rFire    . . .     SeeInvis .   a - +0 flail
rCold    . . .     Gourm    .   h - +1 large shield
rNeg     + . .     Faith    .   o - +0 chain mail
rPois    ∞         Spirit   .   e - +0 helmet
rElec    +         Reflect  .   d - +0 cloak
rCorr    .         Harm     .   (no gloves)
MR       +....                  (no boots)
Stlth    ..........             (no amulet)
Regen    0.6/turn               i - +2 ring of dexterity
MPRegen  0.1/turn               n - ring of protection from magic

@: no status effects
A: dopey 1, negative energy resistance 1, regeneration 1, electricity
resistance, strong 2, unbreathing, petrification resistance, rot immunity, AC +4
a: Renounce Religion


You were on level 5 of the Dungeon.
You worshipped Okawaru.
Okawaru was noncommittal.
You were very hungry.

You visited 2 branches of the dungeon, and saw 6 of its levels.

You collected 156 gold pieces.

Inventory:

Hand Weapons
 a - a +0 flail (weapon)
Armour
 d - a +0 cloak (worn)
 e - a +0 helmet (worn)
 h - a +1 large shield (worn)
 o - a +0 chain mail (worn)
Jewellery
 i - a +2 ring of dexterity (left hand)
 n - a ring of protection from magic (right hand)
Scrolls
 c - a scroll of amnesia
 j - a scroll of identify
 m - 4 scrolls of teleportation
Potions
 b - a potion of cancellation
 k - a potion of brilliance
Comestibles
 f - 2 bread rations
 g - a royal jelly
 l - 4 fruits


   Skills:
 + Level 4.1 Fighting
 + Level 5.0 Maces & Flails
 + Level 4.6 Armour
 + Level 1.7 Dodging
 + Level 0.2 Stealth
 + Level 6.8 Shields


You had 6 spell levels left.
You didn't know any spells.

Dungeon Overview and Level Annotations

Branches:
Dungeon (5/15)             Temple (1/1) D:4

Altars:
Ashenzari
Cheibriados
Dithmenos
Elyvilon
Gozag
Hepliaklqana
Kikubaaqudgha
Okawaru
Qazlal
Sif Muna
Trog
Uskayaw
Wu Jian
Xom
Yredelemnul
Zin


Innate Abilities, Weirdness & Mutations

You are resistant to torment.
Your stone body is resilient. (AC +4)
You are immune to poison.
You resist negative energy. (rN+)
You are resistant to electric shocks. (rElec)
You can survive without breathing.
You are immune to petrification.
You are immune to rotting.
You are dopey. (Int -2)
Your natural rate of healing is unusually fast.
Your muscles are very strong. (Str +4)


Message History

The troll is moderately wounded.
You block the troll's attack.
The troll claws you but does no damage. x2
Your shield and chain mail prevent you from hitting the troll.
The troll is moderately wounded.
The troll bites you.
* * * LOW HITPOINT WARNING * * *
You block the troll's attack. x2; The troll bites you but does no damage.
The troll claws you.
* * * LOW HITPOINT WARNING * * *
The troll claws you.
* * * LOW HITPOINT WARNING * * *
You hit the troll but do no damage.
The troll is lightly wounded.
You block the troll's attack. The troll claws you.
* * * LOW HITPOINT WARNING * * *
You block the troll's attack.
Your shield prevents you from hitting the troll.
The troll is lightly wounded.
The troll bites you!
You die...

...... ##..####
#...
......###..##
####
......#..###
........##
....##..#######
.. ##.......##
#........#
##.......#
#@......#
#T..../.#
##..$..##
.....# #...##
.#.# .### #.


You could see a troll.

Vanquished Creatures
  Sigmund (D:3)
  A phantom (D:5)
  2 ogres (D:4)
  A howler monkey (D:5)
  A bullfrog zombie (D:5)
  An orc priest (D:4)
  Crazy Yiuf (D:4)
  An iguana (D:4)
  2 worker ants
  Robin (D:3)
  A gnoll (D:1)
  5 adders
  An ooze (D:1)
  2 worms
  5 dart slugs
  4 leopard geckos
  8 orcs
  8 bats
  9 giant cockroaches
  14 goblins
  8 hobgoblins
  5 jackals
  14 kobolds
  2 quokkas
  7 frilled lizards
  4 rats
109 creatures vanquished.

Notes
Turn   | Place    | Note
-------+----------+-------------------------------------------
     0 | D:1      | JeffiDaFish the Gargoyle Fighter began the quest for the Orb.
     0 | D:1      | Reached XP level 1. HP: 14/14 MP: 1/1
   101 | D:1      | Reached XP level 2. HP: 19/19 MP: 2/2
   317 | D:1      | Reached XP level 3. HP: 22/23 MP: 3/3
   905 | D:1      | Upgraded the game from 0.20-a0-1006-ge6c5631 to 0.20-a0-1009-gc986637
  1151 | D:2      | Reached skill level 4 in Shields
  1236 | D:2      | Reached XP level 4. HP: 19/28 MP: 4/4
  1432 | D:2      | Gained mutation: You are dopey. (Int -2) [potion of mutation]
  1432 | D:2      | Gained mutation: Your muscles are strong. (Str +2) [potion of mutation]
  1432 | D:2      | Gained mutation: Your natural rate of healing is unusually fast. [potion of mutation]
  1432 | D:2      | Gained mutation: Your muscles are very strong. (Str +4) [potion of mutation]
  2125 | D:3      | Reached XP level 5. HP: 29/33 MP: 5/5
  2409 | D:3      | Noticed Robin
  2425 | D:3      | Killed Robin
  2538 | D:3      | Noticed Sigmund
  2565 | D:3      | Killed Sigmund
  2565 | D:3      | Reached skill level 1 in Dodging
  2565 | D:3      | Reached skill level 5 in Shields
  2565 | D:3      | Reached XP level 6. HP: 7/38 MP: 6/6
  3215 | D:4      | Reached XP level 7. HP: 27/43 MP: 7/7
  3248 | D:4      | Reached skill level 6 in Shields
  3411 | D:4      | Found a runed door.
  3415 | D:4      | Noticed Crazy Yiuf
  3420 | D:4      | Killed Crazy Yiuf
  3547 | D:4      | Found a staircase to the Ecumenical Temple.
  3553 | Temple   | Entered the Ecumenical Temple
  3604 | Temple   | Became a worshipper of Warmaster Okawaru
  3789 | D:5      | Entered Level 5 of the Dungeon
  3895 | D:5      | Reached skill level 5 in Maces & Flails
  3951 | D:5      | Noticed a troll
  3976 | D:5      | Mangled by a troll

Vault maps used:
D:1:      dpeg_arrival_rooms_a
D:2:      grunt_ministairs_12, minmay_tall_x
D:3:      uniq_sigmund, uniq_robin
D:4:      minmay_temple_entry_fiery, first_bread, uniq_crazy_yiuf_cottage
D:5:      uniq_prince_ribbit1
Temple:   compressed_dpeg_triangle_lava_temple

Skill      XL: |  1  2  3  4  5  6  7 |
---------------+----------------------+-----
Shields        | 4 5 6 |  6.8
Armour         | 4 |  4.6
Maces & Flails | 3 4 5 |  5.0
Fighting       | 4 |  4.1
Dodging        | 1 |  1.7
Stealth        | |  0.2

Action                   |  1- 3 |  4- 6 |  7- 9 || total
-------------------------+-------+-------+-------++-------
Melee: Flail             |   244 |   617 |   139 ||  1000
  Use: Scroll            |     1 |     6 |     2 ||     9
       Potion            |     1 |     5 |     3 ||     9
  Eat: Chunk             |     1 |     7 |     2 ||    10
       Royal jelly       |       |     1 |       ||     1
Armor: Scale mail        |   171 |   260 |       ||   431
       Chain mail        |       |    40 |    63 ||   103
Dodge: Dodged            |    51 |   108 |    21 ||   180
Block: Shield            |    16 |       |       ||    16
       Large shield      |   218 |   613 |   153 ||   984
